 Dungeon Crawl Stone Soup version 0.24.1-14-gf8d2b509d9 (webtiles) character file.

Game seed: 3133601902607881339, levelgen mode: deterministic

19 gzilladon the Shooter (level 2, -4/24 HPs)
             Began as a Centaur Hunter on Mar 25, 2022.
             Slain by a gnoll
             ... wielding a +0 flail
              (7 damage)
             ... on level 2 of the Dungeon.
             The game lasted 00:03:37 (586 turns).

gzilladon the Shooter (Centaur Hunter)               Turns: 586, Time: 00:03:38

Health: -4/24      AC:  5    Str: 14    XL:     2   Next: 55%
Magic:  2/2        EV:  8    Int: 10    God:
Gold:   74         SH:  0    Dex:  9    Spells: 1/1 levels left

rFire    . . .     SeeInvis .   j - +0 spear
rCold    . . .     Gourm    .   (no shield)
rNeg     . . .     Faith    .   n - +0 ring mail
rPois    .         Spirit   .   (no helmet)
rElec    .         Reflect  .   (no cloak)
rCorr    .         Harm     .   (no gloves)
MR       .....                  (no barding)
Stlth    ..........             (no amulet)
HPRegen  0.08/turn              (no ring)
MPRegen  0.08/turn              (no ring)

@: very quick
A: large, hooves 3, deformed body, speed 2, tough skin 3
a: no special abilities


You were on level 2 of the Dungeon.
You were not hungry.

You visited 1 branch of the dungeon, and saw 2 of its levels.

You collected 74 gold pieces.

Inventory:

Hand Weapons
 a - a +1 shortbow
 b - a +0 short sword
 e - a +0 dagger
 j - a +0 spear (weapon)
Missiles
 d - 77 arrows
 g - 8 poisoned darts (quivered)
 h - 20 bolts
 k - 29 stones
 l - 23 sling bullets
Armour
 c - a +0 leather armour
 n - a +0 ring mail (worn)
Scrolls
 m - a scroll of enchant armour {unknown}
Potions
 i - 2 potions of flight {unknown}
 o - a potion of curing {unknown}
 p - 2 potions of brilliance {unknown}
Comestibles
 f - 2 rations


   Skills:
 + Level 2.0 Fighting
 * Level 6.2 Bows
 + Level 0.1 Armour
 - Level 1.3 Dodging
 + Level 0.4 Stealth


You had one spell level left.
You didn't know any spells.
Your spell library was empty.

Dungeon Overview and Level Annotations

Branches:
Dungeon (2/15)

Altars:


Innate Abilities, Weirdness & Mutations

You have hooves in place of feet.
Armour fits poorly on your strangely shaped body.
You cover ground very quickly.
You have extremely tough skin. (AC +3)


Message History

The gnoll barely misses you.
The gnoll hits you from afar with a cursed +0 halberd.
You hit the gnoll. You kick the gnoll!
You kill the gnoll!
Your Bows skill increases to level 6!
The gnoll hits you from afar with a +0 spear.
The gnoll hits you from afar with a cursed +0 halberd!
* * * LOW HITPOINT WARNING * * *
The gnoll hits you from afar with a +0 spear.
* * * LOW HITPOINT WARNING * * *
Things that are here:
a +0 flail; a gnoll corpse You hit the adder.
The adder is lightly wounded.
The adder barely misses you. The gnoll barely misses you.
The gnoll hits you but does no damage. The adder barely misses you.
You hit the adder.
The adder is heavily wounded.
The gnoll hits you with a +0 flail!
You die...

.........#
........#
#.......# # .
####.......#.#
............##.###
....#............#
..........r.g....#
.#..<....g....#
.......(..@S.....#
.....#.....g.....#
.................#
....$..######....#
#...##. ....# #...
.. ...# .. ##.
...# ..#


You could see 3 gnolls, an adder and a rat.

Vanquished Creatures
  A gnoll (D:2)
  A leopard gecko (D:1)
  A hobgoblin (D:1)
  A kobold (D:1)
  3 bats (D:1)
  A goblin (D:1)
  2 rats (D:1)
10 creatures vanquished.

Notes
Turn   | Place    | Note
-------+----------+-------------------------------------------
     0 | D:1      | gzilladon the Centaur Hunter began the quest for the Orb.
     0 | D:1      | Reached XP level 1. HP: 17/17 MP: 1/1
   469 | D:1      | Reached XP level 2. HP: 24/24 MP: 2/2
   583 | D:2      | Reached skill level 6 in Bows
   586 | D:2      | Slain by a gnoll

Levels and vault maps discovered:
D:1:      matt_arrival_los_fun, layout_loops_ring, minmay_lizard_pond
D:2:      layout_rooms, grunt_temple_overflow_open, lemuel_doored_altar,
          chequers_temple_overflow_statue_of_worship, first_ration,
          minmay_pentomino_u2

Skill      XL: |  1  2 |
---------------+-------+-----
Bows           | 6 |  6.2
Fighting       | |  2.0
Armour         | |  0.1
Dodging        | |  1.3
Stealth        | |  0.4

Action                   || total
-------------------------++-------
Melee: Spear             ||    23
       Kick              ||     6
       Shortbow          ||     4
       Short sword       ||     3
Armor: Leather armour    ||    14
       Ring mail         ||     7
Dodge: Dodged            ||    25
